 Dungeon Crawl Stone Soup version 0.28.0 (webtiles) character file.

Game seed: 3391719611335081178

2104 RighteousDevil the Slasher (level 9, 0/74 HPs)
             Began as a Gnoll Cinder Acolyte on Feb 18, 2022.
             Was a High Priest of Ignis.
             Slain by an orc warrior (11 damage)
             ... on level 7 of the Dungeon.
             The game lasted 00:09:11 (7113 turns).

RighteousDevil the Slasher (Gnoll Cinder Acolyte)   Turns: 7113, Time: 00:09:11

Health: 0/74       AC: 19    Str: 17    XL:     9   Next: 28%
Magic:  5/5        EV: 13    Int: 16    God:    Ignis [*****.]
Gold:   299        SH:  0    Dex: 14    Spells: 16/18 levels left

rFire   + + .      SeeInvis .   b - +4 scimitar "Glorpo" {antimagic, rElec rF+ Int+3 Dex+5}
rCold   . . .      Faith    .   (no shield)
rNeg    . . .      Spirit   .   d - +0 leather armour
rPois   .          Reflect  .   l - +2 helmet
rElec   +          Harm     .   (no cloak)
rCorr   .          Rampage  .   (no gloves)
Will    .....                   u - +1 pair of boots
Stlth   ++........              (no amulet)
HPRegen 0.22/turn               g - +4 ring of protection
MPRegen 0.09/turn               (no ring)

@: lethally poisoned (0 -> -9), about to teleport, fiery-armoured
A: fangs 1, strong nose, distributed training
a: Renounce Religion, Fiery Armour, Foxfire Swarm, Rising Flame


You were on level 7 of the Dungeon.
You worshipped Ignis.
Ignis was extremely pleased with you.
You visited 1 branch of the dungeon, and saw 7 of its levels.

You collected 299 gold pieces.

Inventory:

Hand Weapons
 a - a +1 falchion of flaming
 b - the +4 scimitar "Glorpo" (weapon) {antimagic, rElec rF+ Int+3 Dex+5}
   (You found it on level 4 of the Dungeon)

   It reduces the magical energy of the wielder, and disrupts the spells and
   magical abilities of those it strikes.
   Natural abilities and divine invocations are not affected.
   Int:       It affects your intelligence (+3).
   Dex:       It affects your dexterity (+5).
   rF:        It protects you from fire.
   rElec:     It insulates you from electricity.
Armour
 d - a +0 leather armour (worn)
 l - a +2 helmet (worn)
 u - a +1 pair of boots (worn)
Jewellery
 g - a +4 ring of protection (left hand)
Wands
 o - a wand of iceblast (6)
 p - a wand of polymorph (7)
Scrolls
 c - a scroll of vulnerability
 j - a scroll of teleportation
Potions
 e - 2 potions of curing
 f - 2 potions of cancellation
 h - a potion of brilliance
 i - a potion of mutation {unknown}
 n - a potion of haste {unknown}
 q - a potion of heal wounds
 r - a potion of resistance {unknown}
 s - a potion of might {unknown}


   Skills:
 + Level 7.8 Fighting
 + Level 4.1 Short Blades
 + Level 7.8 Long Blades
 + Level 4.1 Axes
 + Level 4.1 Maces & Flails
 + Level 4.1 Polearms
 + Level 4.1 Staves
 + Level 4.1 Slings
 + Level 4.1 Bows
 + Level 4.1 Crossbows
 + Level 4.1 Throwing
 + Level 4.1 Armour
 + Level 4.1 Dodging
 + Level 4.1 Stealth
 + Level 4.1 Shields
 + Level 4.1 Unarmed Combat
 + Level 5.0 Spellcasting
 + Level 3.3 Conjurations
 + Level 3.3 Hexes
 + Level 3.3 Summonings
 + Level 3.3 Necromancy
 + Level 3.3 Translocations
 + Level 3.3 Transmutations
 + Level 6.5 Fire Magic
 + Level 3.3 Ice Magic
 + Level 3.3 Air Magic
 + Level 3.3 Earth Magic
 + Level 3.3 Poison Magic
 + Level 4.5 Invocations
 + Level 4.1 Evocations


You had 16 spell levels left.
You knew the following spells:

 Your Spells              Type           Power      Damage    Failure   Level
a - Scorch                Fire           48%        2d7       1%          2

Your spell library contained the following spells:

 Spells                   Type           Power      Damage    Failure   Level
 Beastly Appendage        Tmut           28%        N/A       4%          1
 Slow                     Hex            56%        N/A       4%          1
 Wereblood                Tmut           14%        N/A       7%          2
 Confusing Touch          Hex            14%        N/A       14%         3
 Dazzling Flash           Conj/Hex       28%        N/A       14%         3
 Spider Form              Tmut/Pois      14%        N/A       14%         3
 Vampiric Draining        Necr           14%        2d7       14%         3
 Fulminant Prism          Conj/Hex       7%         3d7       41%         4
 Iskenderun's Mystic Bla  Conj/Tloc      14%        2d5       41%         4
 Agony                    Necr           14%        N/A       77%         5
 Lee's Rapid Deconstruct  Erth           7%         3d7*      77%         5
 Silence                  Hex/Air        7%         N/A       77%         5


Dungeon Overview and Level Annotations

Branches:
Dungeon (7/15)
 Temple: D:4-7

Altars:
Okawaru
Yredelemnul

Shops:
D:2 :

Annotations:
D:4 1 runed translucent door, Crazy Yiuf
D:5 1 runed translucent door, ProzacElf's ghost, novice MiHu


Innate Abilities, Weirdness & Mutations

You have very sharp teeth.
Your uncanny sense of smell can sniff out nearby items.
Your experience applies equally to all skills.


Message History

The killer bee misses you. The killer bee closely misses you.
The killer bee stings you but does no damage.
The orc warrior closely misses you.
Unknown command.
You slash the killer bee!
You kill the killer bee!
You feel sick. The killer bee stings you. The killer bee closely misses you.
The orc hits you from afar with a +0 trident.
The killer bee stings you but does no damage.
The killer bee misses you.
The orc warrior sings a few bars from the Orcish anthem.
The orc warrior closely misses you.
You miss something.
You feel sick. The killer bee stings you. The killer bee closely misses you.
The orc hits you but does no damage. The orc closely misses you.
Something hits you but does no damage. The killer bee misses you. x2
The orc warrior hits you with a +0 flail!
* * * LOW HITPOINT WARNING * * *
Unknown command.
As you read the scroll of teleportation, it crumbles to dust.
You feel strangely unstable.
You feel sick. The killer bee barely misses you. The killer bee misses you.
The orc barely misses you. The orc hits you but does no damage.
You hear some strange, mumbled words.
A puff of flame appears from out of thin air!
The puff of flame hits you but does no damage.
The killer bee barely misses you. x2
The orc warrior hits you but does no damage.
A protective cloak of flame settles atop you.
You feel sick. The killer bee closely misses you. x2
The orc barely misses you. x2; Something barely misses you.
The killer bee stings you.
* * * LOW HITPOINT WARNING * * *
You are more poisoned.
The killer bee poisons you!
The killer bee is burned by your cloak of flames.
The killer bee is lightly wounded.
The killer bee misses you.
The orc warrior hits you with a +0 flail!
You die...

#. ..##. ####.##. . ....
## #...>... ..##.. .#
#.....# ....#.####.##
####.....# ............
...#.....#
#......o.o######.......#
#......Fyy{...####.....###
#......oo@###.††..........
########### ######....<...
#........ #........
######... ###


You could see an orc warrior, a bullfrog, 2 killer bees and 3 orcs.

Vanquished Creatures
  A steam dragon (D:6)
  2 water moccasins (D:6)
  An ice beast (D:7)
  3 ogres (D:4)
  Blork the orc (D:6)
  5 scorpions
  2 water moccasin skeletons (D:6)
  A killer bee (D:7)
  3 howler monkeys (D:7)
  5 electric eels (D:6)
  3 hounds
  A bullfrog zombie (D:7)
  3 bullfrog skeletons
  An orc priest (D:4)
  A jelly (D:4)
  2 iguanas
  Natasha (D:4)
  2 orc wizards (D:6)
  6 gnolls (D:2)
  7 adders
  An adder skeleton (D:4)
  A worm (D:3)
  5 dart slugs
  7 orcs
  7 ball pythons
  5 bats
  3 endoplasms
  A giant cockroach (D:1)
  11 goblins
  6 hobgoblins
  9 jackals
  7 kobolds
  3 quokkas
  4 frilled lizards
  8 rats
129 creatures vanquished.

Vanquished Creatures (others)
  An orc (D:6)
  4 foxfires (D:7)
  49 plants (D:6)
54 creatures vanquished.

Grand Total: 183 creatures vanquished

Notes
Turn   | Place    | Note
-------+----------+-------------------------------------------
     0 | D:1      | RighteousDevil the Gnoll Cinder Acolyte began the quest for
                  | the Orb.
     0 | D:1      | Reached XP level 1. HP: 23/23 MP: 4/4
    36 | D:1      | Reached XP level 2. HP: 22/29 MP: 5/5
   585 | D:1      | Reached XP level 3. HP: 35/35 MP: 7/7
   886 | D:1      | Learned a level 2 spell: Scorch
  1015 | D:2      | Reached skill level 1 in Invocations
  1244 | D:2      | Reached skill level 1 in Short Blades
  1244 | D:2      | Reached skill level 1 in Axes
  1244 | D:2      | Reached skill level 1 in Maces & Flails
  1244 | D:2      | Reached skill level 1 in Polearms
  1244 | D:2      | Reached skill level 1 in Staves
  1244 | D:2      | Reached skill level 1 in Slings
  1244 | D:2      | Reached skill level 1 in Bows
  1244 | D:2      | Reached skill level 1 in Crossbows
  1244 | D:2      | Reached skill level 1 in Throwing
  1244 | D:2      | Reached skill level 1 in Armour
  1244 | D:2      | Reached skill level 1 in Dodging
  1244 | D:2      | Reached skill level 1 in Stealth
  1244 | D:2      | Reached skill level 1 in Shields
  1244 | D:2      | Reached skill level 1 in Unarmed Combat
  1244 | D:2      | Reached skill level 1 in Evocations
  1244 | D:2      | Reached XP level 4. HP: 18/41 MP: 3/8
  1683 | D:2      | Reached skill level 1 in Conjurations
  1683 | D:2      | Reached skill level 1 in Hexes
  1683 | D:2      | Reached skill level 1 in Summonings
  1683 | D:2      | Reached skill level 1 in Necromancy
  1683 | D:2      | Reached skill level 1 in Translocations
  1683 | D:2      | Reached skill level 1 in Transmutations
  1683 | D:2      | Reached skill level 1 in Ice Magic
  1683 | D:2      | Reached skill level 1 in Air Magic
  1683 | D:2      | Reached skill level 1 in Earth Magic
  1683 | D:2      | Reached skill level 1 in Poison Magic
  2213 | D:2      | Reached XP level 5. HP: 32/47 MP: 9/9
  2491 | D:2      | Found a faded altar of an unknown god.
  2515 | D:2      | Found Reitruco's Book Emporium.
  3643 | D:4      | Noticed an ogre
  3653 | D:4      | Killed an ogre
  3654 | D:4      | Reached XP level 6. HP: 34/53 MP: 9/11
  3985 | D:4      | Identified the +4 scimitar "Glorpo" {antimagic, rElec rF+
                  | Int+3 Dex+5}
  3992 | D:4      | Reached XP level 7. HP: 41/59 MP: 1/12
  4320 | D:4      | Found a runed translucent door.
  4321 | D:4      | Noticed Crazy Yiuf
  4349 | D:4      | Noticed Natasha
  4356 | D:4      | Killed Natasha
  4804 | D:5      | Entered Level 5 of the Dungeon
  4873 | D:5      | Found a runed translucent door.
  4874 | D:5      | Noticed ProzacElf's ghost (novice MiHu)
  5235 | D:5      | Found an iron altar of Okawaru.
  5237 | D:5      | Found a basalt altar of Yredelemnul.
  5515 | D:6      | Reached XP level 8. HP: 67/67 MP: 4/14
  6177 | D:6      | Noticed Blork the orc
  6293 | D:6      | Killed Blork the orc
  6323 | D:6      | Reached XP level 9. HP: 43/72 MP: 5/16
  7085 | D:7      | Reached skill level 5 in Spellcasting
  7113 | D:7      | Slain by an orc warrior

Illustrated notes

Levels and vault maps discovered:
D:1:      amcnicky_arrival_blooded_trapdoor, layout_basic
D:2:      layout_loops_ring, hellmonk_ecumenical_altar_inner_sanctum,
          serial_shops, nicolae_diamond_shop, hangedman_feature_mirror
D:3:      layout_loops_corners
D:4:      layout_loops_ring, uniq_natasha, uniq_crazy_yiuf_cottage
D:5:      layout_rooms, mainiacjoe_overflow_catwalk_spiral,
          gammafunk_ghost_grave, chequers_serial_rivers_large_b,
          minmay_misc_feat_rows
D:6:      layout_rooms, serial_bayou, serial_bayou_lake_a,
          serial_bayou_lagoon_b, serial_bayou_pond_c, serial_bayou_lagoon_a,
          serial_bayou_crossing, uniq_blork_the_orc
D:7:      layout_rooms, minmay_temple_entry_antechambers,
          amcnicky_mini_pool_medium

Skill      XL: |  1  2  3  4  5  6  7  8  9 |
---------------+----------------------------+-----
Invocations    | 1 2 3 4 |  4.5
Short Blades   | 1 2 3 4 |  4.1
Axes           | 1 2 3 4 |  4.1
Maces & Flails | 1 2 3 4 |  4.1
Polearms       | 1 2 3 4 |  4.1
Staves         | 1 2 3 4 |  4.1
Slings         | 1 2 3 4 |  4.1
Bows           | 1 2 3 4 |  4.1
Crossbows      | 1 2 3 4 |  4.1
Throwing       | 1 2 3 4 |  4.1
Armour         | 1 2 3 4 |  4.1
Dodging        | 1 2 3 4 |  4.1
Stealth        | 1 2 3 4 |  4.1
Shields        | 1 2 3 4 |  4.1
Unarmed Combat | 1 2 3 4 |  4.1
Evocations     | 1 2 3 4 |  4.1
Spellcasting   | 3 4 5 |  5.0
Conjurations   | 1 2 3 |  3.3
Hexes          | 1 2 3 |  3.3
Summonings     | 1 2 3 |  3.3
Necromancy     | 1 2 3 |  3.3
Translocations | 1 2 3 |  3.3
Transmutations | 1 2 3 |  3.3
Ice Magic      | 1 2 3 |  3.3
Air Magic      | 1 2 3 |  3.3
Earth Magic    | 1 2 3 |  3.3
Poison Magic   | 1 2 3 |  3.3
Fighting       | 7 |  7.8
Long Blades    | 7 |  7.8
Fire Magic     | 6 |  6.5

Action                   |  1- 3 |  4- 6 |  7- 9 || total
-------------------------+-------+-------+-------++-------
Melee: Falchion          |    80 |   155 |     2 ||   237
       Bite              |     7 |     8 |    16 ||    31
       Punch             |       |     4 |     6 ||    10
       Scimitar          |       |       |   202 ||   202
 Cast: Scorch            |     2 |     6 |       ||     8
Invok: Foxfire Swarm     |       |       |     1 ||     1
       Fiery Armour      |       |       |     1 ||     1
Evoke: Wand              |       |       |     5 ||     5
  Use: Scroll            |     3 |     3 |    11 ||    17
       Potion            |       |     2 |       ||     2
 Stab: Sleeping          |       |     1 |     1 ||     2
Armor: Robe              |    16 |       |       ||    16
       Leather armour    |     3 |    47 |   108 ||   158
Dodge: Dodged            |    69 |    98 |   186 ||   353
